[Event "CZE-ch 2020"]
[Site "Pilsen"]
[Date "2020.08.30"]
[Round "8.30"]
[White "Stinka, Jakub"]
[Black "Pokrupa, Marek"]
[Result "1-0"]
[ECO "D85"]
[WhiteElo "2299"]
[BlackElo "2164"]
[Annotator "ChessBase"]
[PlyCount "87"]
[EventDate "2020.08.23"]
[EventType "swiss"]
[EventCountry "CZE"]
[SourceTitle "playchess.com"]
[Source "ChessBase"]
[SourceQuality "1"]
[TimeControl "40/5400+30:1800+30"]

1. d4 Nf6 2. c4 g6 3. Nc3 d5 4. cxd5 Nxd5 5. g3 Bg7 6. Bg2 Nb6 7. Nf3 Nc6 8. e3 e5 9. d5 Ne7 10. e4 Bg4 11. h3 Bxf3 12. Qxf3 c6 13. O-O cxd5 14. exd5 Nf5 15. b3 Nd6 16. Ba3 Nbc8 17. Ne4 O-O 18. Rac1 Re8 19. Rfd1 Nxe4 20. Qxe4 Nd6 21. Qe3 Bf8 22. Bb2 Bg7 23. Rc2 Nf5 24. Qd2 Nd6 25. Rdc1 Qb6 26. Kh2 Rad8 27. h4 h5 28. Ba3 Bf8 29. Bc5 Qb5 30. Bxa7 Nf5 31. Rd1 Bb4 32. Qe2 Qa5 33. Be3 Nd4 34. Bxd4 exd4 35. Qd3 Bc3 36. Re2 Kf8 37. Rc1 Rxe2 38. Qxe2 Re8 39. Qf3 Qxa2 40. Qf6 Qa5 41. Qh8+ Ke7 42. d6+ Kd8 43. Qf6+ Kc8 44. Qxd4 1-0

[Event "CZE-ch 2020"]
[Site "Pilsen"]
[Date "2020.08.30"]
[Round "8.32"]
[White "Ludvik, Tomas"]
[Black "Brozka, Karel"]
[Result "1-0"]
[ECO "E90"]
[WhiteElo "2202"]
[BlackElo "1991"]
[Annotator "ChessBase"]
[PlyCount "65"]
[EventDate "2020.08.23"]
[EventType "swiss"]
[EventCountry "CZE"]
[SourceTitle "playchess.com"]
[Source "ChessBase"]
[SourceQuality "1"]
[TimeControl "40/5400+30:1800+30"]

1. d4 Nf6 2. c4 g6 3. Nc3 Bg7 4. e4 d6 5. Nf3 Nbd7 6. Be2 O-O 7. O-O e5 8. Be3 c6 9. d5 Qe7 10. Qc2 Ne8 11. Nd2 f5 12. exf5 gxf5 13. f3 Ndf6 14. Rad1 Qf7 15. dxc6 bxc6 16. b4 Nc7 17. Qa4 d5 18. Bc5 Bb7 19. Bxf8 Bxf8 20. cxd5 cxd5 21. f4 e4 22. Nb3 Ne6 23. Nb5 Bc6 24. Na5 Bxb5 25. Qxb5 Bd6 26. Qc6 Qf8 27. Rxd5 Rd8 28. Nb7 Nxf4 29. Rxf4 Nxd5 30. Qxd5+ Kh8 31. Qd4+ Qg7 32. Qxg7+ Kxg7 33. Nxd8 1-0

[Event "CZE-ch 2020"]
[Site "Pilsen"]
[Date "2020.08.30"]
[Round "8.33"]
[White "Simet, Martin"]
[Black "Janous, Marek"]
[Result "1-0"]
[ECO "A28"]
[WhiteElo "2194"]
[BlackElo "1968"]
[Annotator "NA"]
[PlyCount "61"]
[EventDate "2020.08.23"]
[EventType "swiss"]
[EventCountry "CZE"]
[SourceTitle "playchess.com"]
[Source "ChessBase"]
[SourceQuality "1"]
[TimeControl "40/5400+30:1800+30"]

1. c4 e5 2. Nc3 Nf6 3. Nf3 Nc6 4. e4 g6 5. d3 h6 6. Be2 Bg7 7. h3 d6 8. Be3 Ne7 9. d4 Nd7 10. g4 c6 11. Qd2 Qc7 12. Rd1 Nf8 13. dxe5 dxe5 14. Bc5 $16 Qd7 15. Qc2 Qc7 16. Bd6 Qb6 17. Na4 Qd8 18. O-O Nd7 19. Nxe5 O-O 20. Nxd7 Qxd7 21. Nc5 Qd8 22. e5 h5 23. Ne4 Re8 24. Nf6+ Bxf6 25. exf6 Nf5 26. Be7 Qc7 27. gxf5 Bxf5 28. Qd2 Kh7 29. Qg5 Bxh3 30. Bd6 Qc8 31. Bf4 1-0

[Event "CZE-ch 2020"]
[Site "Pilsen"]
[Date "2020.08.30"]
[Round "8.36"]
[White "Jezek, Jan"]
[Black "Placer, Sebastian"]
[Result "0-1"]
[ECO "C00"]
[WhiteElo "2162"]
[BlackElo "2097"]
[Annotator "NA"]
[PlyCount "60"]
[EventDate "2020.08.23"]
[EventType "swiss"]
[EventCountry "CZE"]
[SourceTitle "playchess.com"]
[Source "ChessBase"]
[SourceQuality "1"]
[TimeControl "40/5400+30:1800+30"]

1. e4 e6 2. d3 d5 3. Nd2 Nf6 4. Ngf3 c5 5. Be2 Nc6 6. c3 Be7 7. O-O O-O 8. Re1 Qc7 9. Bf1 Rd8 10. Qc2 b6 11. a3 Ba6 12. b3 dxe4 13. dxe4 Bxf1 14. Nxf1 Ng4 15. Bg5 Bxg5 16. Nxg5 Nge5 17. Ne3 h6 18. Nh3 $17 c4 19. b4 Nd3 20. Red1 b5 21. Qe2 Qe5 22. a4 a6 23. axb5 axb5 24. Rxa8 Rxa8 25. Rxd3 cxd3 26. Qxd3 Ra1+ 27. Nf1 Rc1 28. Qd7 Qxe4 29. Qe8+ Kh7 30. Qxf7 Qe2 0-1

[Event "CZE-ch 2020"]
[Site "Pilsen"]
[Date "2020.08.31"]
[Round "9.16"]
[White "Gnojek, Petr"]
[Black "Simek, Petr"]
[Result "0-1"]
[ECO "E35"]
[WhiteElo "2225"]
[BlackElo "2324"]
[Annotator "RC"]
[PlyCount "90"]
[EventDate "2020.08.23"]
[EventType "swiss"]
[EventCountry "CZE"]
[SourceTitle "playchess.com"]
[Source "ChessBase"]
[SourceQuality "1"]
[TimeControl "40/5400+30:1800+30"]

1. d4 Nf6 2. c4 e6 3. Nc3 Bb4 4. Qc2 d5 5. cxd5 exd5 6. Bg5 h6 7. Bh4 c5 8. dxc5 Be6 9. e3 O-O 10. Nf3 Nbd7 11. Be2 Rc8 12. O-O Nxc5 13. Rac1 Nce4 14. Qd3 Qa5 15. Bxf6 Nxf6 16. Nd4 a6 17. Nb3 Qb6 18. Bf3 Bxc3 19. Rxc3 Rxc3 20. Qxc3 Rc8 21. Qd4 Qxd4 22. Nxd4 Kf8 23. Rd1 Ke7 24. Kf1 Rc5 25. h3 Ne8 26. Ke2 Nd6 27. b3 a5 28. Kd2 Kf6 29. Rc1 Rxc1 30. Kxc1 Ke5 31. Kd2 g5 32. Kd3 Bd7 33. g4 b6 34. a4 Ne4 35. Bxe4 dxe4+ 36. Kc4 f5 37. gxf5 Bxf5 38. Kb5 h5 39. Kxb6 h4 40. Kxa5 g4 41. Kb6 gxh3 42. a5 h2 43. a6 h1=Q 44. a7 Qa1 45. Kb7 Be6 0-1

[Event "CZE-ch 2020"]
[Site "Pilsen"]
[Date "2020.08.31"]
[Round "9.31"]
[White "Smolik, Jachym"]
[Black "Kures, Michael"]
[Result "1/2-1/2"]
[ECO "A46"]
[WhiteElo "2121"]
[BlackElo "2019"]
[Annotator "RC"]
[PlyCount "104"]
[EventDate "2020.08.23"]
[EventType "swiss"]
[EventCountry "CZE"]
[SourceTitle "playchess.com"]
[Source "ChessBase"]
[SourceQuality "1"]
[TimeControl "40/5400+30:1800+30"]

1. d4 Nf6 2. Nf3 d6 3. c4 Nbd7 4. Nc3 g6 5. e4 Bg7 6. Be2 O-O 7. Bg5 e5 8. d5 a5 9. Nd2 Qe8 10. h4 h6 11. Be3 Nh7 12. Nb5 Qd8 13. h5 g5 14. g4 Nc5 15. f3 c6 16. Nc3 Na6 17. dxc6 bxc6 18. Nb3 Be6 19. Qd2 Qc7 20. Rd1 Rfd8 21. Na4 c5 22. Nc3 Nb4 23. Nb5 Qb6 24. Nc1 Bf8 25. a3 Nc6 26. Na2 Nd4 27. Nac3 Be7 28. Bxd4 cxd4 29. Nd5 Bxd5 30. exd5 Nf6 31. Bd3 Kg7 32. Qe2 Rab8 33. Kf1 Nd7 34. Kg2 a4 35. Bc2 Nc5 36. Qd2 Ra8 37. Rhe1 Rd7 38. Qb4 Qa5 39. Qxa5 Rxa5 40. Kf2 Rd8 41. Nxd4 exd4 42. Rxe7 Kf8 43. Re2 Rb8 44. Bf5 Nb3 45. Bc2 Nc5 46. Rxd4 Rxb2 47. Bd1 Rb1 48. f4 gxf4 49. Bc2 Ra1 50. Rxf4 Rxa3 51. g5 hxg5 52. Rf5 Rh3 1/2-1/2